| TOP OF THE 1ST |
|
Toledo Mud Hens batting - Pitching for Durham Bulls : RHP Eric Smith
|
|
Pitching: RHP Eric Smith
|
|
|
Batting: RHB Sam Saunders
|
0-0: Foul Ball, location: 2F 0-1: Ground out 6-3 (Groundball, 6, EV 87.5 MPH)
|
|
Batting: RHB Willis Morales
|
0-0: Ball 1-0: Ball 2-0: Ball 3-0: Called Strike 3-1: Swinging Strike 3-2: Base on Balls
|
|
Batting: RHB Trevor Mock
|
0-0: Grounds into double play, 6-4-3 (Groundball, 56, EV 87.5 MPH)
|
| Top of the 1st over - 0 runs, 0 hits, 0 errors, 0 left on base; Toledo 0 - Durham 0 |
| BOTTOM OF THE 1ST |
|
Durham Bulls batting - Pitching for Toledo Mud Hens : RHP Chris McCurdy
|
|
Pitching: RHP Chris McCurdy
|
|
|
Batting: RHB Sesto Carpini
|
0-0: Ball 1-0: Swinging Strike 1-1: Swinging Strike 1-2: Ball 2-2: Strikes out swinging
|
|
Batting: RHB Alex Diaz
|
0-0: Fly out, F7 (Line Drive, 7S, EV 87.5 MPH)
|
|
Batting: LHB Davion Lewis
|
0-0: Fly out, F8 (Flyball, 8LD, EV 91.2 MPH)
|
| Bottom of the 1st over - 0 runs, 0 hits, 0 errors, 0 left on base; Toledo 0 - Durham 0 |
| TOP OF THE 2ND |
|
Toledo Mud Hens batting - Pitching for Durham Bulls : RHP Eric Smith
|
|
Batting: RHB Eric Garrett
|
0-0: Ground out U3 (Groundball, 34, EV 83.1 MPH)
|
|
Batting: RHB John Evancho
|
0-0: Ball 1-0: Ball 2-0: Ball 3-0: Called Strike 3-1: Foul Ball, location: 2F 3-2: Strikes out looking
|
|
Batting: RHB Tony Soto
|
0-0: Ball 1-0: Foul Ball, location: 2F 1-1: Ball 2-1: Called Strike 2-2: Foul Ball, location: 2F 2-2: Ball 3-2: Foul Ball, location: 2F 3-2: Strikes out swinging
|
| Top of the 2nd over - 0 runs, 0 hits, 0 errors, 0 left on base; Toledo 0 - Durham 0 |
| BOTTOM OF THE 2ND |
|
Durham Bulls batting - Pitching for Toledo Mud Hens : RHP Chris McCurdy
|
|
Batting: RHB James Huddleston
|
0-0: Ball 1-0: Foul Ball, location: 2F 1-1: Ground out U3 (Groundball, 3S, EV 81.2 MPH)
|
|
Batting: RHB David Ward
|
0-0: Ball 1-0: Called Strike 1-1: Ball 2-1: Fly out, F7 (Flyball, 7LD, EV 85.6 MPH)
|
|
Batting: RHB Jose Arriola
|
0-0: Called Strike 0-1: Called Strike 0-2: DOUBLE (Line Drive, 89D, EV 109.4 MPH)
|
|
Batting: LHB Danny Hull
|
0-0: Foul Ball, location: 2F 0-1: Ball 1-1: Ball 2-1: Called Strike 2-2: Strikes out swinging
|
| Bottom of the 2nd over - 0 runs, 1 hit, 0 errors, 1 left on base; Toledo 0 - Durham 0 |
| TOP OF THE 3RD |
|
Toledo Mud Hens batting - Pitching for Durham Bulls : RHP Eric Smith
|
|
Batting: RHB Adam MacConnell
|
0-0: Called Strike 0-1: Ball 1-1: Fly out, F8 (Flyball, 8RXD, EV 94.4 MPH)
|
|
Batting: RHB Carlos Armenteros
|
0-0: Swinging Strike 0-1: Ground out 2-3 (Groundball, 2L, EV 68.1 MPH)
|
|
Batting: SHB Scott Bartholomew
|
0-0: Ball 1-0: Called Strike 1-1: Swinging Strike 1-2: Strikes out swinging
|
| Top of the 3rd over - 0 runs, 0 hits, 0 errors, 0 left on base; Toledo 0 - Durham 0 |
| BOTTOM OF THE 3RD |
|
Durham Bulls batting - Pitching for Toledo Mud Hens : RHP Chris McCurdy
|
|
Batting: RHB Antonio Pacheco
|
0-0: Called Strike 0-1: Ground out 6-3 (Groundball, P, EV 86.2 MPH)
|
|
Batting: RHB Roberto Aispuro
|
0-0: Ball 1-0: Ball 2-0: Ball 3-0: Called Strike 3-1: Base on Balls
|
|
Batting: RHB Sesto Carpini
|
0-0: Ball 1-0: Called Strike 1-1: Foul Ball, location: 2F 1-2: Strikes out looking
|
|
Batting: RHB Alex Diaz
|
0-0: TRIPLE (Groundball, 3L, EV 108.1 MPH) Roberto Aispuro scores
|
|
Batting: LHB Davion Lewis
|
0-0: Ball 1-0: Called Strike 1-1: Swinging Strike 1-2: Ball 2-2: Strikes out swinging
|
| Bottom of the 3rd over - 1 run, 1 hit, 0 errors, 1 left on base; Toledo 0 - Durham 1 |
| TOP OF THE 4TH |
|
Toledo Mud Hens batting - Pitching for Durham Bulls : RHP Eric Smith
|
|
Batting: RHB Sam Saunders
|
0-0: Ground out 4-3 (Groundball, 4S, EV 65.0 MPH)
|
|
Batting: RHB Willis Morales
|
0-0: Ball 1-0: Fly out, F9 (Flyball, 89M, EV 80.6 MPH)
|
|
Batting: RHB Trevor Mock
|
0-0: Swinging Strike 0-1: SINGLE (Groundball, 4D, EV 105.0 MPH)
|
|
Batting: RHB Eric Garrett
|
0-0: Called Strike Trevor Mock steals 2nd base 0-1: Foul Ball, location: 2F 0-2: Ball 1-2: Foul Ball, location: 2F 1-2: Ball 2-2: SINGLE (Flyball, 34D, EV 85.6 MPH) Trevor Mock to third Runner from 3rd tries for Home, SAFE, throw by RF to home
|
|
Batting: RHB John Evancho
|
0-0: Ball 1-0: DOUBLE (Line Drive, 8RXD, EV 102.5 MPH) Eric Garrett to third Eric Garrett scores
|
|
Batting: RHB Tony Soto
|
0-0: Foul Ball, location: 2F 0-1: Ground out 5-3 (Groundball, 56, EV 79.4 MPH)
|
| Top of the 4th over - 2 runs, 3 hits, 0 errors, 1 left on base; Toledo 2 - Durham 1 |
| BOTTOM OF THE 4TH |
|
Durham Bulls batting - Pitching for Toledo Mud Hens : RHP Chris McCurdy
|
|
Batting: RHB James Huddleston
|
0-0: SINGLE (Line Drive, 9LS, EV 86.2 MPH)
|
|
Batting: RHB David Ward
|
0-0: Fly out, F3 (Popup, 3F, EV 84.4 MPH)
|
|
Batting: RHB Jose Arriola
|
0-0: Ball 1-0: Foul Ball, location: 2F 1-1: Called Strike 1-2: Ball 2-2: Fly out, F7 (Flyball, 78D, EV 103.8 MPH)
|
|
Batting: LHB Danny Hull
|
0-0: SINGLE (Groundball, 34D, EV 98.1 MPH) James Huddleston to second Runner from 2nd tries for 3rd, SAFE, throw by RF made to third
|
|
Batting: RHB Antonio Pacheco
|
0-0: Foul Ball, location: 2F 0-1: Swinging Strike 0-2: Ball Pickoff Throw by Catcher to First - Out!
|
| Bottom of the 4th over - 0 runs, 2 hits, 0 errors, 1 left on base; Toledo 2 - Durham 1 |
| TOP OF THE 5TH |
|
Toledo Mud Hens batting - Pitching for Durham Bulls : RHP Eric Smith
|
|
Batting: RHB Adam MacConnell
|
0-0: Swinging Strike 0-1: SINGLE (Groundball, 25, EV 67.5 MPH) (infield hit)
|
|
Batting: RHB Carlos Armenteros
|
0-0: Ball 1-0: Called Strike 1-1: Foul Ball, location: 2F 1-2: Strikes out swinging
|
|
Batting: SHB Scott Bartholomew
|
0-0: Called Strike 0-1: Grounds into double play, 4-6-3 (Groundball, 4, EV 104.4 MPH)
|
| Top of the 5th over - 0 runs, 1 hit, 0 errors, 0 left on base; Toledo 2 - Durham 1 |
| BOTTOM OF THE 5TH |
|
Durham Bulls batting - Pitching for Toledo Mud Hens : RHP Chris McCurdy
|
|
Batting: RHB Antonio Pacheco
|
0-0: Called Strike 0-1: Foul Ball, location: 2F 0-2: Strikes out looking
|
|
Batting: RHB Roberto Aispuro
|
0-0: Called Strike 0-1: Ball 1-1: Ball 2-1: SINGLE (Groundball, 25, EV 70.6 MPH) (infield hit)
|
|
Batting: RHB Sesto Carpini
|
0-0: Ball Roberto Aispuro is caught stealing 2nd base 2-4 1-0: Fly out, F9 (Flyball, 9LS, EV 90.0 MPH)
|
| Bottom of the 5th over - 0 runs, 1 hit, 0 errors, 0 left on base; Toledo 2 - Durham 1 |
| TOP OF THE 6TH |
|
Toledo Mud Hens batting - Pitching for Durham Bulls : RHP Eric Smith
|
|
Batting: RHB Sam Saunders
|
0-0: Called Strike 0-1: Foul Ball, location: 2F 0-2: Strikes out swinging
|
|
Batting: RHB Willis Morales
|
0-0: Fly out, F5 (Line Drive, 5L, EV 61.9 MPH)
|
|
Batting: RHB Trevor Mock
|
0-0: Swinging Strike 0-1: Swinging Strike 0-2: Ball 1-2: Foul Ball, location: 2F 1-2: Ball 2-2: Ball 3-2: Base on Balls
|
|
Batting: RHB Eric Garrett
|
0-0: Ground out 1-3 (Groundball, 15S, EV 73.1 MPH)
|
| Top of the 6th over - 0 runs, 0 hits, 0 errors, 1 left on base; Toledo 2 - Durham 1 |
| BOTTOM OF THE 6TH |
|
Durham Bulls batting - Pitching for Toledo Mud Hens : RHP Chris McCurdy
|
|
Batting: RHB Alex Diaz
|
0-0: Foul Ball, location: 2F 0-1: Hit by Pitch
|
|
Batting: LHB Davion Lewis
|
0-0: Called Strike 0-1: Foul Ball, location: 2F 0-2: Fielders Choice at 2nd, 4-6 (Groundball, 34, EV 88.8 MPH)
|
|
Batting: RHB James Huddleston
|
0-0: Grounds into double play, 5-4-3 (Groundball, 56S, EV 88.8 MPH)
|
| Bottom of the 6th over - 0 runs, 0 hits, 0 errors, 0 left on base; Toledo 2 - Durham 1 |
| TOP OF THE 7TH |
|
Toledo Mud Hens batting - Pitching for Durham Bulls : RHP Eric Smith
|
|
Batting: RHB John Evancho
|
0-0: Called Strike 0-1: Ball 1-1: Ball 2-1: Ball 3-1: Called Strike 3-2: TRIPLE (Line Drive, 9D, EV 111.9 MPH)
|
|
Batting: RHB Tony Soto
|
0-0: Foul Ball, location: 2F 0-1: Ball 1-1: Ball 2-1: Swinging Strike 2-2: Foul Ball, location: 2F 2-2: Strikes out swinging
|
|
Pitching: RHP Al Speer
|
|
|
Batting: RHB Adam MacConnell
|
0-0: Called Strike 0-1: SINGLE (Groundball, 4MD, EV 103.8 MPH) John Evancho scores
|
|
Batting: RHB Carlos Armenteros
|
0-0: Ball 1-0: Ball 2-0: Ball 3-0: Base on Balls Adam MacConnell to second
|
|
Batting: SHB Scott Bartholomew
|
0-0: Fly out, F8 (Line Drive, 8RS, EV 99.4 MPH)
|
|
Batting: RHB Sam Saunders
|
0-0: Ball 1-0: Ball 2-0: Foul Ball, location: 2F 2-1: Foul Ball, location: 2F 2-2: SINGLE (Groundball, 6MD, EV 100.6 MPH) Adam MacConnell to third Carlos Armenteros to second Runner from 3rd tries for Home, SAFE, throw by CF to home
|
|
Batting: RHB Willis Morales
|
0-0: Called Strike 0-1: DOUBLE (Line Drive, 5D, EV 100.0 MPH) Carlos Armenteros scores Sam Saunders to third Runner from 3rd tries for Home, SAFE, throw by LF to home
|
|
Pitching: RHP David Breaux
|
|
|
Batting: RHB Trevor Mock
|
0-0: Called Strike 0-1: Called Strike 0-2: Ball 1-2: SINGLE (Groundball, 6MD, EV 96.2 MPH) Willis Morales to third Runner from 3rd tries for Home, SAFE, throw by CF to home
|
|
Batting: RHB Eric Garrett
|
0-0: Called Strike 0-1: Called Strike Trevor Mock steals 2nd base 0-2: Ball 1-2: Ball 2-2: Ball 3-2: Base on Balls
|
|
Batting: RHB John Evancho
|
0-0: Called Strike 0-1: SINGLE (Line Drive, 9S, EV 98.1 MPH) Trevor Mock to third Eric Garrett to second Runner from 3rd tries for Home, SAFE, throw by RF to home
|
|
Batting: RHB Tony Soto
|
0-0: Fly out, F9 (Flyball, 9, EV 88.1 MPH)
|
| Top of the 7th over - 6 runs, 6 hits, 0 errors, 2 left on base; Toledo 8 - Durham 1 |
| BOTTOM OF THE 7TH |
|
Durham Bulls batting - Pitching for Toledo Mud Hens : RHP Chris McCurdy
|
|
Batting: RHB David Ward
|
0-0: Swinging Strike 0-1: Fly out, F8 (Flyball, 8RXD, EV 95.0 MPH)
|
|
Batting: RHB Jose Arriola
|
0-0: Fly out, F2 (Popup, 3SF, EV 80.0 MPH)
|
|
Batting: LHB Danny Hull
|
0-0: Fly out, F2 (Popup, 15S, EV 83.1 MPH)
|
| Bottom of the 7th over - 0 runs, 0 hits, 0 errors, 0 left on base; Toledo 8 - Durham 1 |
| TOP OF THE 8TH |
|
Toledo Mud Hens batting - Pitching for Durham Bulls : RHP David Breaux
|
|
Batting: RHB Adam MacConnell
|
0-0: Ball 1-0: Called Strike 1-1: Ground out 1-3 (Groundball, 13S, EV 68.8 MPH)
|
|
Batting: RHB Carlos Armenteros
|
0-0: Called Strike 0-1: Ball 1-1: Swinging Strike 1-2: Strikes out swinging
|
|
Batting: SHB Scott Bartholomew
|
0-0: Ball 1-0: SINGLE (Groundball, 56S, EV 65.0 MPH) (infield hit)
|
|
Batting: RHB Sam Saunders
|
0-0: Foul Ball, location: 2F 0-1: Foul Ball, location: 2F 0-2: Strikes out swinging
|
| Top of the 8th over - 0 runs, 1 hit, 0 errors, 1 left on base; Toledo 8 - Durham 1 |
| BOTTOM OF THE 8TH |
|
Durham Bulls batting - Pitching for Toledo Mud Hens : RHP Chris McCurdy
|
|
Batting: RHB Antonio Pacheco
|
0-0: Swinging Strike 0-1: Foul Ball, location: 2F 0-2: Strikes out swinging
|
|
Batting: RHB Roberto Aispuro
|
0-0: Called Strike 0-1: Ball 1-1: Fly out, F8 (Flyball, 8RD, EV 96.2 MPH)
|
|
Batting: RHB Sesto Carpini
|
0-0: Swinging Strike 0-1: Ball 1-1: Ball 2-1: Swinging Strike 2-2: Ball 3-2: Base on Balls
|
|
Batting: RHB Alex Diaz
|
0-0: Ball 1-0: Ball 2-0: Ball 3-0: Called Strike 3-1: Base on Balls Sesto Carpini to second
|
|
Pinch Hitting: SHB Julio Hernandez
|
0-0: Called Strike 0-1: Ground out 3-1 (Groundball, 34, EV 102.5 MPH)
|
| Bottom of the 8th over - 0 runs, 0 hits, 0 errors, 2 left on base; Toledo 8 - Durham 1 |
| TOP OF THE 9TH |
|
Toledo Mud Hens batting - Pitching for Durham Bulls : RHP David Breaux
|
|
Now in LF: Julio Hernandez
|
|
|
Batting: RHB Willis Morales
|
0-0: DOUBLE (Line Drive, 9LS, EV 95.0 MPH)
|
|
Batting: RHB Trevor Mock
|
0-0: Ball 1-0: Called Strike 1-1: Ball 2-1: Foul Ball, location: 2F 2-2: Strikes out swinging
|
|
Batting: RHB Eric Garrett
|
0-0: Foul Ball, location: 2F 0-1: Ball 1-1: Ball 2-1: Called Strike 2-2: Strikes out swinging
|
|
Batting: RHB John Evancho
|
0-0: Ground out 6-3 (Groundball, 6, EV 105.6 MPH)
|
| Top of the 9th over - 0 runs, 1 hit, 0 errors, 1 left on base; Toledo 8 - Durham 1 |
| BOTTOM OF THE 9TH |
|
Durham Bulls batting - Pitching for Toledo Mud Hens : RHP Chris McCurdy
|
|
Batting: RHB James Huddleston
|
0-0: Called Strike 0-1: Foul Ball, location: 2F 0-2: Ball 1-2: Ball 2-2: Fly out, F9 (Flyball, 9D, EV 98.8 MPH)
|
|
Batting: RHB David Ward
|
0-0: Swinging Strike 0-1: Ball 1-1: Fly out, F7 (Flyball, 7, EV 80.6 MPH)
|
|
Batting: RHB Jose Arriola
|
0-0: Called Strike 0-1: Called Strike 0-2: Foul Ball, location: 2F 0-2: Ball 1-2: Ball 2-2: Foul Ball, location: 2F 2-2: Strikes out looking
|
| Bottom of the 9th over - 0 runs, 0 hits, 0 errors, 0 left on base; Toledo 8 - Durham 1 |
|